 Dungeon Crawl Stone Soup version 0.30-a0-540-g0af01429fa (webtiles) character file.

Game seed: 6830522408276753697

14679 freelancePsychic the Carver (level 12, 0/166 HPs)
             Began as a Meteoran Monk on Dec 25, 2022.
             Was an Elder of Cheibriados.
             Slain by a death yak (17 damage)
             ... on level 1 of the Lair of Beasts.
             The game lasted 00:38:11 (5562 turns).

freelancePsychic the Carver (Meteoran Monk)         Turns: 5562, Time: 00:38:11

Health: 0/166      AC: 13    Str: 30    XL:     12   Next: 82%
Magic:  3/6        EV: 28    Int: 21    God:    Cheibriados [****..]
Gold:   339        SH:  5    Dex: 30    Spells: 11/11 levels left

rFire   + . .      SeeInvis +    a - +5 short sword "Lifebane" {antimagic, Str+7}
rCold   + . .      Faith    .    (no shield)
rNeg    . . .      Spirit   .    I - +0 acid dragon scales
rPois   .          Reflect  +    r - +0 helmet
rElec   .          Harm     .    p - scarf {rC+ rF+}
rCorr   +          Rampage  .    s - +2 pair of gloves
Will    +....                    B - +2 pair of boots Stlth
                                 G - amulet of reflection
HPRegen 0.47/turn                q - +4 ring of evasion
MPRegen 0.10/turn                m - ring of see invisible

@: brilliant, berserking (expiring), attractive, slowed, glowing, very slow
A: sense surroundings 2, otherworldly, glowing, explore regen
a: Renounce Religion, Bend Time, Temporal Distortion, Slouch


You were on level 1 of the Lair of Beasts.
You worshipped Cheibriados.
Cheibriados was greatly pleased with you.
You visited 3 branches of the dungeon, and saw 13 of its levels.
You also visited: Sewer and Bailey.

You collected 541 gold pieces.
You spent 202 gold pieces at shops.

Inventory:

Hand Weapons
 a - the +5 short sword "Lifebane" (weapon) {antimagic, Str+7}
   (You took it off a kobold brigand on level 8 of the Dungeon)

   It reduces the magical energy of the wielder, and disrupts the spells and
   magical abilities of those it strikes.
   Natural abilities and divine invocations are not affected.
   Str:       It affects your strength (+7).
 b - a +1 short sword of venom
 h - a +0 long sword of holy wrath
Missiles
 i - a throwing net
 A - a curare-tipped dart (quivered)
Armour
 c - a +0 kite shield
 p - a scarf of resistance (worn)
 r - a +0 helmet (worn)
 s - a +2 pair of gloves (worn)
 u - a +2 cloak
 B - a +2 pair of boots (worn)
 I - +0 acid dragon scales (worn)
Jewellery
 m - a ring of see invisible (right hand)
 q - a +4 ring of evasion (left hand)
 G - an amulet of reflection (around neck)
Wands
 n - a wand of flame (5)
 v - a wand of acid (8)
 y - a wand of roots (5)
 z - a wand of charming (1)
 F - a wand of mindburst (13)
 K - a wand of polymorph (4)
Scrolls
 f - a scroll of immolation
 g - a scroll of enchant armour
 o - a scroll of amnesia
Potions
 d - 4 potions of mutation
 j - 3 potions of lignification
 l - a potion of cancellation {unknown}
 t - a potion of attraction
 x - a potion of flight {unknown}
 C - 2 potions of brilliance
 J - a potion of magic {unknown}


   Skills:
 + Level 11.6 Fighting
 - Level 1.4(8.3) Short Blades
 - Level 13.9(14.0) Long Blades
 + Level 11.4 Dodging
 - Level 1.4 Stealth
 + Level 10.3 Invocations


You had 11 spell levels left.
You didn't know any spells.
Your spell library contained the following spells:

 Spells                   Type           Power      Damage    Failure   Level
 Apportation              Tloc           0%         N/A       22%         1
 Freeze                   Ice            0%         1d3       22%         1
 Cigotuvi's Dreadful Rot  Necr/Pois/Air  0%         N/A       32%         2
 Ensorcelled Hibernation  Hex/Ice        0%         N/A       32%         2
 Passwall                 Tmut/Erth      0%         N/A       32%         2
 Poisonous Vapours        Pois/Air       0%         N/A       32%         2
 Dazzling Flash           Conj/Hex       0%         N/A       54%         3
 Ignite Poison            Fire/Tmut/Pois 0%         N/A       54%         3
 Mephitic Cloud           Conj/Pois/Air  0%         N/A       54%         3
 Swiftness                Air            0%         N/A       54%         3
 Animate Dead             Necr           0%         N/A       91%         4
 Sticky Flame             Conj/Fire      0%         2d3       91%         4
 Agony                    Necr           0%         N/A       99%         5
 Alistair's Intoxication  Tmut/Pois      0%         N/A       99%         5
 Silence                  Hex/Air        0%         N/A       99%         5
 Haunt                    Necr/Summ      0%         N/A       100%        7
 Ozocubu's Refrigeration  Ice            0%         4d7       100%        7
 Ignition                 Fire           0%         3d3       100%        8
 Infestation              Necr           0%         N/A       100%        8


Dungeon Overview and Level Annotations

Branches:
Dungeon (11/15) Zot: 3059  Temple (1/1) D:4 Zot: 648    Lair (1/5) D:11 Zot: 700
    Orc (0/2) D:10          Sewer (visited)          Bailey (visited)

Altars:
Ashenzari
Cheibriados
Dithmenos
Elyvilon
Fedhas
Gozag
Hepliaklqana
Kikubaaqudgha
Makhleb
Nemelex Xobeh
Okawaru
Qazlal
Ru
Trog
Uskayaw
Vehumet
Wu Jian
Xom
Yredelemnul
Zin
The Shining One

Shops:
D:4 =   D:5 [

Annotations:
D:9 exclusion: vampire


Innate Abilities, Weirdness & Mutations

You passively map the area around you.
You are easily found by Zot.
You glow in the dark.
You regain HP and MP as you explore.


Message History

The yak is lightly wounded.
The yak gores you but does no damage.
You puncture the yak!
The yak looks as sick as possible!
The yak is moderately wounded.
The yak completely misses you.
You hit the yak but do no damage.
The yak looks as sick as possible!
The yak is heavily wounded.
You block the yak's attack. The death yak is attracted toward you.
You don't know any spells.
Unknown command.
The yak completely misses you.
Okay, then.
It was a potion of berserk rage.
A red film seems to cover your vision as you go berserk!
Cheibriados protects you from inadvertent hurry.
You feel mighty! You block the yak's attack.
You puncture the yak!
You kill the yak!
Cheibriados appreciates the change of pace.
The death yak completely misses you.
You hit the death yak.
The death yak is lightly wounded.
The death yak completely misses you.
You hit the death yak.
The death yak is poisoned.
The death yak is lightly wounded.
The death yak barely misses you.
Your +1 short sword of venom stops dripping with poison.
You feel stronger.
You feel magic leave you.
a - the +5 short sword "Lifebane" (weapon)
{antimagic, Str+7} You hit the death yak.
The death yak is lightly wounded.
The death yak misses you.
You hit the death yak.
The death yak is moderately wounded.
The death yak gores you but does no damage.
You hit the death yak but do no damage.
The death yak is moderately wounded.
The death yak gores you!
You die...

, # #.#....†##..§.#.#...#.#.... ,
..##.#...............#.#......
,,,#....lY..Y÷###.....#.P.....#..
,, #.##...8.†.÷.#÷#.......#..)...
#......YY.#÷..#...#.#.#...#..
##......#####÷.÷.....#.#...#..
*#..8.......###÷)...#.#........
#.......l....##Y#÷....#.#...... ,
.....F.Y.....+@.÷...#.#.#......
,!.8.F.8..8...#.................
........................#.....# ,
#............##.#.#.#...#.#....
.#..8...###.###.........#.....#
##.....^,.###..#.#.#.#...#...# ,
, .. *#..#...#.#.......# , 8.
+...#...#.#.#...... *,
.........#...#..


You could see a death yak (very poisoned).

Vanquished Creatures
  A two-headed ogre (Bailey)
  Erica (Lair:1)
  5 death yaks (Lair:1)
  Maurice (D:8)
  6 komodo dragons (Lair:1)
  3 trolls
  A hornet (D:8)
  A polar bear (D:8)
  4 blink frogs (Lair:1)
  5 spriggans (Bailey)
  A shadow (D:11)
  2 wraiths
  13 yaks
  Eustachio (D:4)
  A wyvern (D:8)
  A basilisk (Lair:1)
  A steam dragon (Bailey)
  3 water moccasins
  An orc warrior (D:6)
  An ice beast (D:8)
  A sky beast (D:8)
  7 ogres (Bailey)
  A centaur (D:9)
  2 gnoll sergeants (D:8)
  2 kobold brigands
  A necrophage (D:7)
  A scorpion (D:5)
  4 bullfrogs (Lair:1)
  6 killer bees
  A vampire bat (D:5)
  7 electric eels
  5 howler monkeys
  A wyvern simulacrum (D:8)
  3 orc priests
  A gnoll bouda (D:6)
  3 hounds
  3 orc wizards
  13 gnolls
  4 river rats
  10 adders
  A howler monkey simulacrum (D:8)
  4 white imps
  An ufetubus (D:8)
  A dart slug (D:1)
  3 fire bats (D:5)
  13 orcs
  2 spectral bats (D:5)
  3 bat skeletons (D:5)
  A bat zombie (D:5)
  8 endoplasms
  2 giant cockroaches
  5 goblins (D:1)
  3 hobgoblins
  9 jackals
  10 kobolds
  12 quokkas
  4 ball pythons
  13 bats
  A bat simulacrum (D:5)
  5 frilled lizards
  4 rats
234 creatures vanquished.

Vanquished Creatures (collateral kills)
  A kobold brigand (D:5)
  4 kobolds (D:5)
5 creatures vanquished.

Vanquished Creatures (others)
  5 fungi (Lair:1)
  6 plants
11 creatures vanquished.

Grand Total: 250 creatures vanquished

Notes
Turn   | Place    | Note
-------+----------+-------------------------------------------
     0 | D:1      | freelancePsychic the Meteoran Monk began the quest for the
                  | Orb.
     0 | D:1      | Reached XP level 1. HP: 19/19 MP: 2/2
    51 | D:1      | Reached XP level 2. HP: 25/26 MP: 3/3
    55 | D:1      | Reached skill level 4 in Long Blades
   180 | D:1      | Reached XP level 3. HP: 28/31 MP: 4/4
   618 | D:3      | Found a transporter.
   639 | D:3      | Found a transporter.
   673 | D:3      | Reached skill level 5 in Long Blades
   673 | D:3      | Reached XP level 4. HP: 40/40 MP: 5/5
   683 | D:3      | Reached XP level 5. HP: 30/47 MP: 6/6
   704 | D:3      | Reached skill level 6 in Long Blades
   821 | D:2      | Reached XP level 6. HP: 40/53 MP: 7/7
  1185 | D:4      | Noticed Eustachio
  1219 | D:4      | Killed Eustachio
  1220 | D:4      | Reached skill level 5 in Fighting
  1220 | D:4      | Reached skill level 7 in Long Blades
  1220 | D:4      | Reached XP level 7. HP: 40/61 MP: 8/8
  1267 | D:4      | Found Kasirphid's Jewellery Boutique.
  1333 | D:4      | Found a staircase to the Ecumenical Temple.
  1349 | Temple   | Entered the Ecumenical Temple
  1493 | Temple   | Became a worshipper of Cheibriados the Contemplative
  1493 | Temple   | Reached * piety under Cheibriados
  1493 | Temple   | Reached ** piety under Cheibriados
  1611 | D:4      | Found a glowing drain.
  1624 | Sewer    | Entered a sewer
  1858 | Sewer    | Reached *** piety under Cheibriados
  2146 | D:5      | Entered Level 5 of the Dungeon
  2166 | D:5      | Reached skill level 1 in Invocations
  2191 | D:5      | Got Gofro's Secrets of the Venomous Snowflakes
  2273 | D:5      | Found Poteat's Antique Armour Boutique.
  2285 | D:5      | Noticed a water moccasin
  2323 | D:5      | Reached skill level 8 in Long Blades
  2323 | D:5      | Reached XP level 8. HP: 61/70 MP: 10/10
  2593 | D:5      | Reached **** piety under Cheibriados
  2781 | D:5      | Bought a pair of glowing boots for 202 gold pieces
  2901 | D:6      | Reached ***** piety under Cheibriados
  2995 | D:6      | Reached skill level 9 in Long Blades
  3303 | D:6      | Reached skill level 1 in Short Blades
  3303 | D:6      | Gained mutation: You passively map the area around you.
                  | [Meteoran growth]
  3303 | D:6      | Reached XP level 9. HP: 66/78 MP: 13/13
  3303 | D:6      | Found a bloodstained altar of Trog.
  3365 | D:6      | Reached skill level 5 in Dodging
  3365 | D:6      | Reached skill level 5 in Invocations
  3459 | D:7      | Found a hide-covered altar of Uskayaw.
  3459 | D:7      | Noticed a +0 falchion
  3463 | D:7      | Noticed a +0 dagger
  3463 | D:7      | Noticed a +0 falchion
  3463 | D:7      | Noticed a +0 dagger
  3465 | D:7      | Noticed a +0 short sword
  3465 | D:7      | Noticed a +0 short sword
  3466 | D:7      | Noticed a +0 spear
  3483 | D:7      | Noticed a +0 spear
  3526 | D:7      | Found a radiant altar of Vehumet.
  3528 | D:7      | Found a basalt altar of Yredelemnul.
  3534 | D:7      | Found a hazy altar of Hepliaklqana.
  3535 | D:7      | Found a blossoming altar of Fedhas.
  3535 | D:7      | Found a sparkling altar of Nemelex Xobeh.
  3535 | D:7      | Found an ornate altar of the Wu Jian Council.
  3536 | D:7      | Found an iron altar of Okawaru.
  3540 | D:7      | Found a shimmering altar of Xom.
  3713 | D:6      | Reached skill level 10 in Long Blades
  3761 | D:8      | Noticed a troll
  3761 | D:8      | Noticed a hornet
  3763 | D:8      | Killed a hornet
  3764 | D:8      | Reached XP level 10. HP: 88/88 MP: 9/15
  3791 | D:8      | Identified the +5 short sword "Lifebane" {antimagic, Str+7}
  3792 | D:8      | Noticed Maurice
  3843 | D:8      | Reached skill level 11 in Long Blades
  3845 | D:8      | Killed Maurice
  4120 | D:8      | Reached skill level 12 in Long Blades
  4707 | D:10     | Entered Level 10 of the Dungeon
  4729 | D:10     | Reached XP level 11. HP: 97/97 MP: 16/16
  4753 | D:10     | Found a flagged portal.
  4755 | D:10     | Found the +8 trident of the Octopus King {venom, rElec
                  | rPois}
  4787 | Bailey   | Entered a bailey
  4842 | Bailey   | Reached skill level 13 in Long Blades
  4881 | Bailey   | Noticed a two-headed ogre
  4900 | Bailey   | Killed a two-headed ogre
  4987 | Bailey   | Reached skill level 10 in Fighting
  5200 | D:11     | Found a staircase to the Lair.
  5407 | Lair:1   | Entered Level 1 of the Lair of Beasts
  5497 | Lair:1   | Reached XP level 12. HP: 48/107 MP: 2/18
  5498 | Lair:1   | Noticed a death yak
  5501 | Lair:1   | Noticed Erica
  5502 | Lair:1   | Noticed a death yak
  5505 | Lair:1   | Noticed a death yak
  5507 | Lair:1   | Noticed a death yak
  5508 | Lair:1   | Noticed a death yak
  5511 | Lair:1   | Noticed a death yak
  5513 | Lair:1   | Reached skill level 10 in Dodging
  5517 | Lair:1   | Killed Erica
  5518 | Lair:1   | Killed a death yak
  5524 | Lair:1   | Killed a death yak
  5528 | Lair:1   | Killed a death yak
  5530 | Lair:1   | Killed a death yak
  5531 | Lair:1   | Reached skill level 10 in Invocations
  5536 | Lair:1   | Killed a death yak
  5541 | Lair:1   | HP: 7/165 [death yak (9)]
  5545 | Lair:1   | HP: 2/165 [death yak (15)]
  5562 | Lair:1   | Slain by a death yak

Illustrated notes

Levels and vault maps discovered:
D:1:      dpeg_arrival_rhombi, layout_rooms
D:2:      layout_basic, corexii_item_surrounded_by_moat, minmay_snake_closets
D:3:      gammafunk_steamed_eel, layout_basic, kennysheep_nub, uniq_natasha
D:4:      minmay_wonky_spiral, layout_basic,
          minmay_temple_entry_statues_fountains, gup_sewer_entry_bubbles,
          serial_shops, shop, uniq_eustachio
D:5:      layout_basic, serial_shops, shop, goddamned_bats
D:6:      layout_gridville, nzn_overflow_gifts_of_might_and_magic
D:7:      layout_cave_pools, nicolae_uskayaw_en_pointe, minitemple
D:8:      layout_rooms, serial_ice, serial_ice_j, serial_ice_e, serial_ice_m,
          serial_ice_d, uniq_maurice
D:9:      layout_long_grid
D:10:     layout_loops_ring, minmay_orc_entry_temple_large, enter_bailey_2
D:11:     layout_rooms, lair_entry_dummy, special_room [special_room_orc],
          serial_bayou_pond_e
Temple:   grunt_temple_mini_profane
Lair:1:   layout_long_grid, pdpol_lair_neglected_garden,
          infiniplex_staircase_pool_2, serial_bayou_shore_a, grunt_megastairs_3,
          lemuel_fruit_fields, uniq_erica

Skill      XL: |  1  2  3  4  5  6  7  8  9 10 11 12 |
---------------+-------------------------------------+-----
Long Blades    | 4 5 6 7 8 9 10 12 13 | 13.9
Fighting       | 4 5 6 7 9 10 11 | 11.6
Dodging        | 4 6 8 9 11 | 11.4
Invocations    | 2 4 5 7 10 | 10.3
Short Blades   | 1 |  1.4
Stealth        | |  1.4

Action                   |  1- 3 |  4- 6 |  7- 9 | 10-12 || total
-------------------------+-------+-------+-------+-------++-------
Melee: Falchion          |    54 |       |       |       ||    54
       Punch             |     2 |     1 |     8 |     4 ||    15
       Dagger            |    32 |    82 |   236 |       ||   350
       Short sword       |       |       |   267 |   447 ||   714
Throw: Dart              |       |     2 |     9 |     1 ||    12
Invok: Slouch            |       |       |     1 |     5 ||     6
       Bend Time         |       |       |     1 |     2 ||     3
       Step From Time    |       |       |       |     2 ||     2
Evoke: Wand              |     3 |     6 |     3 |    14 ||    26
  Use: Potion            |     1 |       |       |    12 ||    13
       Scroll            |       |     4 |     8 |     8 ||    20
 Stab: Betrayed ally     |       |       |     1 |       ||     1
Armor: Robe              |    23 |    11 |       |       ||    34
       Leather armour    |       |       |   169 |    71 ||   240
       Acid dragon scale |       |       |       |    11 ||    11
       Skin              |       |       |       |    33 ||    33
Dodge: Dodged            |    57 |    43 |   483 |   394 ||   977
Block: Other             |       |       |       |    59 ||    59

Table legend: (Time is in decaauts)
 A = Elapsed time spent in this place.
 B = Non-inter-level travel time spent in this place.
 C = Inter-level travel time spent in this place.
 D = Time resting spent in this place.
 E = Time spent auto-exploring this place.
 F = Levels seen in this place.
 G = Mean time per level.
                   A        B        C        D        E       F      G
               +--------+--------+--------+--------+--------+-----+--------+
         Total |   7504 |   6571 |    933 |      0 |    289 |  15 |  500.3 |
       Dungeon |   6168 |   5257 |    911 |      0 |    248 |  11 |  560.7 |
        Temple |    180 |    160 |     20 |      0 |      0 |   1 |  180.0 |
          Lair |    199 |    199 |      0 |      0 |      0 |   1 |  199.0 |
         Sewer |    608 |    608 |      0 |      0 |      1 |   1 |  608.0 |
        Bailey |    348 |    348 |      0 |      0 |     39 |   1 |  348.0 |
               +--------+--------+--------+--------+--------+-----+--------+

Top non-repeatable levels by time:
     D:5: 1042 daAuts
     D:6: 838 daAuts
     D:8: 751 daAuts
     D:9: 673 daAuts
   Sewer: 608 daAuts
     D:7: 537 daAuts
     D:4: 480 daAuts
     D:2: 453 daAuts
    D:11: 420 daAuts
     D:3: 403 daAuts
  Bailey: 348 daAuts
     D:1: 321 daAuts
    D:10: 245 daAuts
  Lair:1: 199 daAuts
  Temple: 180 daAuts
